 Dungeon Crawl Stone Soup version 0.23.2-33-g5129a83 (webtiles) character file.

Game seed: 1497777285922357835

128 technought the Skirmisher (level 5, -3/33 HPs)
             Began as a Gargoyle Fighter on Aug 7, 2019.
             Slain by an orc
             ... wielding a +0 trident
              (7 damage)
             ... on level 3 of the Dungeon.
             The game lasted 00:02:50 (1754 turns).

technought the Skirmisher (Gargoyle Fighter)        Turns: 1754, Time: 00:02:51

Health: -3/33      AC: 13    Str: 21    XL:     5   Next: 12%
Magic:  5/5        EV:  7    Int:  8    God:
Gold:   62         SH:  9    Dex:  9    Spells: 4/4 levels left

rFire    . . .     SeeInvis .   a - +0 long sword
rCold    . . .     Gourm    .   c - +0 shield
rNeg     + . .     Faith    .   b - +0 scale mail
rPois    ∞         Spirit   .   g - +1 helmet
rElec    +         Reflect  .   (no cloak)
rCorr    .         Harm     .   (no gloves)
MR       .....                  (no boots)
Stlth    ..........             (no amulet)
HPRegen  0.11/turn              (no ring)
MPRegen  0.09/turn              (no ring)

@: no status effects
A: negative energy resistance 1, electricity resistance, unbreathing,
petrification resistance, rot immunity, AC +4
a: no special abilities


You were on level 3 of the Dungeon.
You were not hungry.

You visited 1 branch of the dungeon, and saw 3 of its levels.

You collected 62 gold pieces.

Inventory:

Hand Weapons
 a - a +0 long sword (weapon)
Armour
 b - a +0 scale mail (worn)
 c - a +0 shield (worn)
 g - a +1 helmet (worn)
Scrolls
 e - a scroll of teleportation
 h - a scroll of remove curse
 j - a scroll of identify
Potions
 d - a potion of brilliance
Comestibles
 f - 3 rations


   Skills:
 + Level 4.0 Fighting
 + Level 3.2 Long Blades
 + Level 3.9 Armour
 + Level 0.3 Dodging
 + Level 0.2 Stealth
 + Level 3.9 Shields


You had 4 spell levels left.
You didn't know any spells.
Your spell library was empty.

Dungeon Overview and Level Annotations

Branches:
Dungeon (3/15)

Altars:

Annotations:
D:3 1 transporter


Innate Abilities, Weirdness & Mutations

You are resistant to torment.
Your stone body is resilient. (AC +4)
You are immune to poison.
You resist negative energy. (rN+)
You are resistant to electric shocks. (rElec)
You can survive without breathing.
You are immune to petrification.
You are immune to rotting.


Message History

You closely miss the orc wizard. You block the orc's attack.
The orc wizard hits you but does no damage.
The orc closely misses you. The orc barely misses you.
The orc wizard hits you but does no damage.
You closely miss the orc wizard. The orc barely misses you.
You block the orc's attack.
The orc wizard hits you but does no damage.
You hit the orc wizard but do no damage.
The orc closely misses you.
The orc wizard hits you with a +0 dagger.
The orc hits you but does no damage.
You closely miss the orc wizard. The orc hits you but does no damage.
The orc wizard gestures at you while chanting.
The puff of flame hits you!
* * * LOW HITPOINT WARNING * * *
The orc closely misses you. You block the orc's attack.
Your shield and scale mail prevent you from hitting the orc wizard.
The orc wizard hits you but does no damage.
The orc hits you from afar with a +0 trident!
You die...

.. .#. $©$P8# .. ..
##### . #. .©.. #.#
...## #.# ....# #.#
....# #.#####)...###
##.....@oo.....
######...####o...###
.........)..######
#####.†.##.#
##########...##.#
.........#...##.#
.............##.#
.............##.#
........†....##.#


You could see an orc wizard and 2 orcs.

Vanquished Creatures
  An orc priest (D:3)
  A gnoll (D:2)
  An adder (D:2)
  An ooze (D:1)
  3 worms (D:2)
  2 dart slugs (D:1)
  2 leopard geckos
  5 bats
  2 giant cockroaches (D:1)
  6 goblins
  7 hobgoblins
  5 jackals (D:2)
  13 kobolds
  A quokka (D:2)
  2 ball pythons
  4 frilled lizards
  2 rats (D:1)
58 creatures vanquished.

Notes
Turn   | Place    | Note
-------+----------+-------------------------------------------
     0 | D:1      | technought the Gargoyle Fighter began the quest for the
                  | Orb.
     0 | D:1      | Reached XP level 1. HP: 14/14 MP: 1/1
   130 | D:1      | Reached XP level 2. HP: 14/19 MP: 2/2
   284 | D:1      | Reached XP level 3. HP: 20/23 MP: 3/3
  1057 | D:2      | Reached XP level 4. HP: 21/29 MP: 4/4
  1717 | D:3      | Reached skill level 4 in Fighting
  1742 | D:3      | Found a transporter.
  1749 | D:3      | Reached XP level 5. HP: 12/33 MP: 5/5
  1754 | D:3      | Slain by an orc

Skill      XL: |  1  2  3  4 |
---------------+-------------+-----
Long Blades    | 2 3 |  3.2
Fighting       | 4 |  4.0
Armour         | |  3.9
Dodging        | |  0.3
Stealth        | |  0.2
Shields        | |  3.9

Action                   |  1- 3 |  4- 6 || total
-------------------------+-------+-------++-------
Melee: Long sword        |   114 |    86 ||   200
  Use: Potion            |     4 |       ||     4
       Scroll            |       |     6 ||     6
  Eat: Chunk             |       |     3 ||     3
Armor: Scale mail        |    68 |    67 ||   135
Dodge: Dodged            |    36 |    37 ||    73
Block: Shield            |    50 |    51 ||   101
       Rpst.: Long sword |    15 |     5 ||    20
